 Dungeon Crawl Stone Soup version 0.27-a0-1557-g57f10a385c (webtiles) character file.

Game seed: 8964465837311422636

42 Sin92 the Skirmisher (level 3, -1/29 HPs)
             Began as a Demonspawn Fighter on July 15, 2021.
             Slain by an orc priest (6 damage)
             ... on level 2 of the Dungeon.
             The game lasted 00:01:00 (1126 turns).

Sin92 the Skirmisher (Demonspawn Fighter)           Turns: 1126, Time: 00:01:01

Health: -1/29      AC:  6    Str: 17    XL:     3   Next: 35%
Magic:  3/3        EV: 11    Int:  9    God:
Gold:   39         SH: 13    Dex: 12    Spells: 2/2 levels left

rFire    . . .     SeeInvis +   a - +0 war axe
rCold    . . .     Faith    .   c - +0 kite shield
rNeg     . . .     Spirit   .   b - +0 scale mail
rPois    .         Reflect  .   (no helmet)
rElec    .         Harm     .   (no cloak)
rCorr    .         Rampage  .   (no gloves)
Will     .....                  (no boots)
Stlth    ..........             (no amulet)
HPRegen  0.09/turn              g - +4 ring of evasion
MPRegen  0.08/turn              h - ring of see invisible

@: no status effects
A: claws 1, condensation shield
a: no special abilities


You were on level 2 of the Dungeon.
You visited 1 branch of the dungeon, and saw 2 of its levels.

You collected 39 gold pieces.

Inventory:

Hand Weapons
 a - a +0 war axe (weapon)
Armour
 b - a +0 scale mail (worn)
 c - a +0 kite shield (worn)
Jewellery
 g - a +4 ring of evasion (left claw)
 h - a ring of see invisible (right claw)
 k - a ring of flight
Scrolls
 i - a scroll of amnesia {unknown}
Potions
 d - a potion of might
 e - a potion of lignification {unknown}
 f - a potion of brilliance {unknown}
 j - a potion of flight {unknown}


   Skills:
 + Level 3.3 Fighting
 + Level 2.2 Axes
 + Level 3.0 Armour
 + Level 1.0 Dodging
 + Level 3.0 Shields


You had 2 spell levels left.
You didn't know any spells.
Your spell library was empty.

Dungeon Overview and Level Annotations

Branches:
Dungeon (2/15)

Altars:


Innate Abilities, Weirdness & Mutations

You have sharp fingernails.
A meltable shield of frost defends you. (SH +4)


Message History

The orc priest is moderately wounded.
You hit the orc but do no damage. You block the orc's attack.
Unknown command.
There are monsters nearby!
You completely miss the orc. You barely miss the orc. You hit the orc.
The orc hits you with a +0 short sword. The orc closely misses you.
You block the orc's attack. x2; The orc barely misses you.
The orc closely misses you.
Your shield prevents you from hitting the orc.
The orc is lightly wounded.
You block the orc's attack.
The orc priest invokes the aid of Beogh against you.
Beogh smites you!
You closely miss the orc.
The orc is lightly wounded.
The orc closely misses you.
The orc priest looks encouraged for a moment.
You hit the orc.
The orc is heavily wounded.
You block the orc's attack. The orc misses you.
Your shield prevents you from hitting the orc.
The orc is moderately wounded.
You block the orc's attack.
Unknown command.
You barely miss the orc.
The orc is moderately wounded.
You block the orc's attack.
The orc priest invokes the aid of Beogh against you.
Beogh smites you!
* * * LOW HITPOINT WARNING * * *
The orc barely misses you.
You slash the orc!
You kill the orc!
The orc priest calls down the wrath of Beogh upon you.
Pain shoots through your body!
* * * LOW HITPOINT WARNING * * *
You slash the orc priest!
The orc priest is almost dead.
The orc priest hits you with a +0 flail.
You die...

# #. ### #.#.## #.#
##.#... ####.# #.....K
#....# #...... #.##.#
#...... #....######
#?....J###########......#
.....ooo@........<..†..>#
......o#######.#.#.####..
#...... #.#.#)####.#
#.....# #.#.........
###... #.#.#.###### #...
#.#.#....# #<. #.#....#.#
#.. #.#.#.##.# #.#.....)#


You could see an orc priest, 3 orcs and an endoplasm.

Vanquished Creatures
  An adder (D:2)
  A dart slug (D:1)
  An orc (D:2)
  3 ball pythons
  2 endoplasms (D:1)
  A giant cockroach (D:1)
  2 goblins
  A hobgoblin (D:1)
  6 jackals (D:1)
  2 quokkas (D:1)
  2 bats
  A frilled lizard (D:1)
  5 kobolds (D:1)
28 creatures vanquished.

Notes
Turn   | Place    | Note
-------+----------+-------------------------------------------
     0 | D:1      | Sin92 the Demonspawn Fighter began the quest for the Orb.
     0 | D:1      | Reached XP level 1. HP: 18/18 MP: 1/1
   294 | D:1      | Gained mutation: You have sharp fingernails. [demonic
                  | ancestry]
   294 | D:1      | Reached XP level 2. HP: 15/24 MP: 2/2
   787 | D:1      | Found a faded altar of an unknown god.
  1022 | D:2      | Gained mutation: A meltable shield of frost defends you.
                  | (SH +4) [demonic ancestry]
  1022 | D:2      | Reached XP level 3. HP: 29/29 MP: 3/3
  1044 | D:2      | Reached skill level 1 in Dodging
  1126 | D:2      | Slain by an orc priest

Illustrated notes

Levels and vault maps discovered:
D:1:      amcnicky_arrival_wind_blow, layout_loops_ring,
          hellmonk_ecumenical_altar_lost_god
D:2:      layout_basic, basic_altar, uniq_jessica

Skill      XL: |  1  2  3 |
---------------+----------+-----
Axes           | 2 |  2.2
Armour         | 3 |  3.0
Dodging        | 1 |  1.0
Shields        | 3 |  3.0
Fighting       | |  3.3

Action                   || total
-------------------------++-------
Melee: War axe           ||    88
  Use: Scroll            ||     1
Armor: Scale mail        ||    49
Dodge: Dodged            ||    42
Block: Kite shield       ||    69

Table legend: (Time is in decaauts)
 A = Elapsed time spent in this place.
 B = Non-inter-level travel time spent in this place.
 C = Inter-level travel time spent in this place.
 D = Time resting spent in this place.
 E = Time spent auto-exploring this place.
 F = Levels seen in this place.
 G = Mean time per level.
                   A        B        C        D        E       F      G
               +--------+--------+--------+--------+--------+-----+--------+
         Total |   1181 |   1171 |     10 |      0 |    967 |   2 |  590.5 |
       Dungeon |   1181 |   1171 |     10 |      0 |    967 |   2 |  590.5 |
               +--------+--------+--------+--------+--------+-----+--------+

Top non-repeatable levels by time:
     D:1: 1055 daAuts
     D:2: 126 daAuts
